[Event "EYCC Open-U16 2019"]
[Site "Bratislava"]
[Date "2019.08.08"]
[Round "7.37"]
[White "Stankovic, Milos M"]
[Black "Neiman, Maks"]
[Result "1/2-1/2"]
[ECO "D01"]
[WhiteElo "2270"]
[BlackElo "1971"]
[Annotator "NA"]
[PlyCount "41"]
[EventDate "2019.08.02"]
[EventType "swiss"]
[EventCountry "SVK"]
[SourceTitle "playchess.com"]
[Source "ChessBase"]
[SourceQuality "1"]
[TimeControl "40/5400+30:1800+30"]

1. d4 Nf6 2. Nc3 d5 3. Bg5 Bf5 4. Bxf6 exf6 5. a3 c6 6. f3 Bd6 7. e4 dxe4 8. fxe4 Qe7 9. Bd3 Bxe4 10. Nxe4 f5 11. Qf3 fxe4 12. Bxe4 Nd7 13. O-O-O O-O 14. Nh3 Nf6 15. Bd3 Rfe8 16. Nf2 Qe3+ 17. Qxe3 Rxe3 18. g3 Rae8 19. Rhf1 Bc7 20. c3 R3e7 21. Kd2 1/2-1/2

[Event "EYCC Open-U16 2019"]
[Site "Bratislava"]
[Date "2019.08.08"]
[Round "7.38"]
[White "Vitenberg, Noam Aviv"]
[Black "Gzib, David"]
[Result "1-0"]
[ECO "A34"]
[WhiteElo "2300"]
[BlackElo "2021"]
[Annotator "NA"]
[PlyCount "53"]
[EventDate "2019.08.02"]
[EventType "swiss"]
[EventCountry "SVK"]
[SourceTitle "playchess.com"]
[Source "ChessBase"]
[SourceQuality "1"]
[TimeControl "40/5400+30:1800+30"]

1. c4 c5 2. Nc3 g6 3. e3 Bg7 4. d4 Nf6 5. d5 d6 6. Bd3 O-O 7. e4 Na6 8. Nge2 Nc7 9. h3 a6 10. a4 b6 11. Rb1 Rb8 12. Be3 b5 13. axb5 axb5 14. Nxb5 Nxb5 15. cxb5 c4 16. Bxc4 Nxe4 17. O-O Bd7 18. Nd4 Qc7 19. Nc6 Bxc6 20. bxc6 Rb4 21. Qc2 f5 22. b3 Ra8 23. Rbe1 Rbb8 24. Qd3 Qa5 25. Bd4 Bxd4 26. Qxd4 Qd2 27. Rxe4 1-0

[Event "EYCC Open-U16 2019"]
[Site "Bratislava"]
[Date "2019.08.08"]
[Round "7.39"]
[White "Fuglestein, Sander"]
[Black "Bacrot, Alexandre"]
[Result "0-1"]
[ECO "D70"]
[WhiteElo "1997"]
[BlackElo "2265"]
[Annotator "NA"]
[PlyCount "90"]
[EventDate "2019.08.02"]
[EventType "swiss"]
[EventCountry "SVK"]
[SourceTitle "playchess.com"]
[Source "ChessBase"]
[SourceQuality "1"]
[TimeControl "40/5400+30:1800+30"]

1. d4 Nf6 2. c4 g6 3. Nf3 Bg7 4. g3 O-O 5. Bg2 d6 6. O-O Bg4 7. h3 Bxf3 8. Bxf3 Nc6 9. Nc3 Nd7 10. e3 e5 11. d5 Ne7 12. e4 f5 13. Rb1 a5 14. a3 b6 15. b4 Qc8 16. Qd3 axb4 17. axb4 Nf6 18. Kg2 Qd7 19. c5 dxc5 20. bxc5 bxc5 21. Qc4 Kh8 22. Be3 fxe4 23. Bxe4 Nxe4 24. Qxe4 Ra5 25. Qc4 c6 26. Rfd1 cxd5 27. Nxd5 Nf5 28. Bd2 Nd6 29. Qc2 Rb5 30. Be3 Rxb1 31. Qxb1 c4 32. Qb4 Qf5 33. Nc3 Qf3+ 34. Kh2 Nf5 35. Bc5 Rc8 36. Qxc4 Bf8 37. Rd3 Qc6 38. Ne4 Bxc5 39. Rc3 Qa8 40. Nxc5 Nd4 41. g4 Rf8 42. Nd3 Nf3+ 43. Kg3 Nd2 44. Qe6 Rf3+ 45. Kh4 Rxh3+ 0-1

[Event "EYCC Open-U16 2019"]
[Site "Bratislava"]
[Date "2019.08.08"]
[Round "7.40"]
[White "Martin Barcelo, Carles"]
[Black "Jazdanovs, Aleksandrs"]
[Result "0-1"]
[ECO "B52"]
[WhiteElo "2012"]
[BlackElo "2238"]
[Annotator "NA"]
[PlyCount "80"]
[EventDate "2019.08.02"]
[EventType "swiss"]
[EventCountry "SVK"]
[SourceTitle "playchess.com"]
[Source "ChessBase"]
[SourceQuality "1"]
[TimeControl "40/5400+30:1800+30"]

1. e4 c5 2. Nf3 d6 3. Bb5+ Bd7 4. Bxd7+ Qxd7 5. c4 e5 6. Nc3 Ne7 7. a3 Nbc6 8. Rb1 g6 9. d3 Bg7 10. b4 cxb4 11. axb4 O-O 12. O-O Nd8 13. Ra1 Ne6 14. Be3 Nf4 15. Ne1 f5 16. Nc2 b6 17. f3 g5 18. Ne2 Neg6 19. Nxf4 exf4 20. Bd4 Ne5 21. Bxe5 dxe5 22. b5 Rf6 23. Nb4 Bf8 24. Nd5 Rh6 25. d4 fxe4 26. fxe4 exd4 27. Qd3 Re8 28. Rae1 Bd6 29. Qh3 Rxh3 30. Nf6+ Kf7 31. Nxd7 Re3 32. e5 Bxe5 33. Rxe3 dxe3 34. Nxe5+ Rxe5 35. g3 e2 36. Re1 fxg3 37. hxg3 Ke6 38. g4 Kd6 39. Kf2 Kc5 40. Kf3 Kxc4 0-1

[Event "EYCC Open-U16 2019"]
[Site "Bratislava"]
[Date "2019.08.08"]
[Round "7.41"]
[White "Muntean, Victor"]
[Black "Koziorowicz, Michal"]
[Result "0-1"]
[ECO "B22"]
[WhiteElo "1971"]
[BlackElo "1985"]
[Annotator "NA"]
[PlyCount "52"]
[EventDate "2019.08.02"]
[EventType "swiss"]
[EventCountry "SVK"]
[SourceTitle "playchess.com"]
[Source "ChessBase"]
[SourceQuality "1"]
[TimeControl "40/5400+30:1800+30"]

1. e4 c5 2. c3 Nf6 3. e5 Nd5 4. d4 Nc6 5. dxc5 e6 6. Nf3 Bxc5 7. b4 Be7 8. a3 Qc7 9. c4 Nxe5 10. cxd5 Nxf3+ 11. gxf3 Qe5+ 12. Be3 Qxa1 13. dxe6 fxe6 14. Bd4 Qa2 15. Bd3 O-O 16. Nc3 Qxa3 17. Ne4 e5 18. Bxe5 Bxb4+ 19. Kf1 d5 20. Ng5 h6 21. Bh7+ Kh8 22. Qb1 hxg5 23. h4 Qxf3 24. Rh2 Bh3+ 25. Kg1 Bc5 26. Bg3 Qxg3+ 0-1

[Event "EYCC Open-U16 2019"]
[Site "Bratislava"]
[Date "2019.08.08"]
[Round "7.42"]
[White "Mica, Marek"]
[Black "Vujovic, Savo"]
[Result "1/2-1/2"]
[ECO "A49"]
[WhiteElo "2222"]
[BlackElo "2023"]
[Annotator "NA"]
[PlyCount "44"]
[EventDate "2019.08.02"]
[EventType "swiss"]
[EventCountry "SVK"]
[SourceTitle "playchess.com"]
[Source "ChessBase"]
[SourceQuality "1"]
[TimeControl "40/5400+30:1800+30"]

1. d4 Nf6 2. Nf3 g6 3. g3 Bg7 4. Bg2 O-O 5. c4 c6 6. O-O d5 7. Qb3 a5 8. Nc3 a4 9. Nxa4 dxc4 10. Qd1 Qa5 11. Nc3 b5 12. Ne5 b4 13. Nb1 Be6 14. a3 Rd8 15. Bxc6 Ra6 16. Bg2 Ng4 17. Nxg4 Bxg4 18. Bd2 Bxd4 19. Qc1 Qe5 20. Bxb4 Bxb2 21. Bc3 Bxc3 22. Nxc3 Nc6 1/2-1/2

[Event "EYCC Open-U16 2019"]
[Site "Bratislava"]
[Date "2019.08.08"]
[Round "7.43"]
[White "Pobor, Milo"]
[Black "Ruchko, Denis"]
[Result "1/2-1/2"]
[ECO "B12"]
[WhiteElo "2067"]
[BlackElo "2002"]
[Annotator "NA"]
[PlyCount "45"]
[EventDate "2019.08.02"]
[EventType "swiss"]
[EventCountry "SVK"]
[SourceTitle "playchess.com"]
[Source "ChessBase"]
[SourceQuality "1"]
[TimeControl "40/5400+30:1800+30"]

1. e4 c6 2. d4 d5 3. e5 Bf5 4. h4 h5 5. c4 e6 6. Nc3 Ne7 7. Nge2 Nd7 8. Ng3 Bg6 9. Bg5 Qb6 10. Qd2 dxc4 11. Bxc4 Qb4 12. b3 Nb6 13. Be2 Nbd5 14. Bxe7 Nxe7 15. a3 Qxb3 16. O-O Nd5 17. Nce4 Qb6 18. Rab1 Qc7 19. f4 Bxe4 20. Nxe4 g6 21. Bc4 Be7 22. Qe2 Rd8 23. Rb3 1/2-1/2

[Event "EYCC Open-U16 2019"]
[Site "Bratislava"]
[Date "2019.08.08"]
[Round "7.44"]
[White "Gomez Carreno, Martin"]
[Black "Dixa, Oskar"]
[Result "1/2-1/2"]
[ECO "A45"]
[WhiteElo "2078"]
[BlackElo "1973"]
[Annotator "NA"]
[PlyCount "87"]
[EventDate "2019.08.02"]
[EventType "swiss"]
[EventCountry "SVK"]
[SourceTitle "playchess.com"]
[Source "ChessBase"]
[SourceQuality "1"]
[TimeControl "40/5400+30:1800+30"]

1. d4 Nf6 2. Bg5 c5 3. Bxf6 gxf6 4. dxc5 Qa5+ 5. Nc3 Qxc5 6. Qd5 e6 7. Qxc5 Bxc5 8. e3 a6 9. g3 d5 10. Nge2 Nc6 11. Bg2 Bd7 12. O-O Rc8 13. Rfd1 b5 14. a3 O-O 15. Nf4 Rfd8 16. Nce2 f5 17. c3 Ne5 18. Nd3 Bd6 19. Nxe5 Bxe5 20. Nd4 Bg7 21. Bf1 Rb8 22. Rd2 a5 23. Nc2 Rdc8 24. Rb1 Kf8 25. f3 Ke7 26. Kf2 Bf6 27. Rbd1 Bc6 28. Bd3 h5 29. h4 Kf8 30. Be2 Kg7 31. Nd4 b4 32. cxb4 axb4 33. Rc1 bxa3 34. bxa3 Ba4 35. Rxc8 Rxc8 36. f4 Kg6 37. Bd1 Ra8 38. Bxa4 Rxa4 39. Ra2 Be7 40. Nc2 f6 41. Ke2 e5 42. Kd3 Bc5 43. Kc3 Kf7 44. Rb2 1/2-1/2

[Event "EYCC Open-U16 2019"]
[Site "Bratislava"]
[Date "2019.08.08"]
[Round "7.45"]
[White "Viczencz, Peter"]
[Black "Antal, Jakub"]
[Result "0-1"]
[ECO "B34"]
[WhiteElo "2014"]
[BlackElo "1963"]
[Annotator "NA"]
[PlyCount "56"]
[EventDate "2019.08.02"]
[EventType "swiss"]
[EventCountry "SVK"]
[SourceTitle "playchess.com"]
[Source "ChessBase"]
[SourceQuality "1"]
[TimeControl "40/5400+30:1800+30"]

1. e4 c5 2. Nf3 Nc6 3. d4 cxd4 4. Nxd4 g6 5. Nc3 Bg7 6. Be3 Nf6 7. Nxc6 bxc6 8. e5 Ng8 9. Bd4 f6 10. f4 Qa5 11. Qd2 fxe5 12. fxe5 c5 13. Bf2 Bxe5 14. Bc4 Nf6 15. O-O Ba6 16. Ne4 Qxd2 17. Nxd2 Bxc4 18. Nxc4 Bd4 19. Nd6+ exd6 20. Bxd4 cxd4 21. Rxf6 Ke7 22. Rf4 Rhc8 23. Re1+ Kd8 24. Re2 Rab8 25. b3 Rb4 26. a3 d3 27. axb4 dxe2 28. Rf8+ Ke7 0-1

[Event "EYCC Open-U16 2019"]
[Site "Bratislava"]
[Date "2019.08.08"]
[Round "7.46"]
[White "Placer, Sebastian"]
[Black "Ghazaryan, Raffi"]
[Result "0-1"]
[ECO "D17"]
[WhiteElo "2040"]
[BlackElo "1826"]
[Annotator "NA"]
[PlyCount "80"]
[EventDate "2019.08.02"]
[EventType "swiss"]
[EventCountry "SVK"]
[SourceTitle "playchess.com"]
[Source "ChessBase"]
[SourceQuality "1"]
[TimeControl "40/5400+30:1800+30"]

1. d4 Nf6 2. c4 c6 3. Nc3 d5 4. Nf3 dxc4 5. a4 Bf5 6. Ne5 Nbd7 7. Nxc4 Qc7 8. g3 e5 9. dxe5 Nxe5 10. Bf4 Nfd7 11. Bg2 g5 12. Ne3 gxf4 13. Nxf5 fxg3 14. hxg3 O-O-O 15. Qc2 h5 16. Rd1 Bb4 17. Kf1 Nf6 18. Rh4 Nfg4 19. Rc1 Bxc3 20. Qxc3 Qd7 21. Be4 Ng6 22. Rh1 Kb8 23. f3 N4e5 24. Ng7 Qd2 25. Rxh5 Rxh5 26. Nxh5 Qg5 27. Bxg6 Nxg6 28. g4 f5 29. Ng7 Rh8 30. Nh5 fxg4 31. fxg4 Ka8 32. Qc4 Rf8+ 33. Ke1 Ne5 34. Qc5 Re8 35. Kd1 Qxg4 36. Nf6 Qxa4+ 37. Rc2 Rd8+ 38. Ke1 Qh4+ 39. Qf2 Qxf2+ 40. Kxf2 Rf8 0-1

[Event "EYCC Open-U16 2019"]
[Site "Bratislava"]
[Date "2019.08.08"]
[Round "7.47"]
[White "Magold, Victor"]
[Black "Holly, Andrej"]
[Result "1/2-1/2"]
[ECO "A40"]
[WhiteElo "1962"]
[BlackElo "2046"]
[Annotator "NA"]
[PlyCount "62"]
[EventDate "2019.08.02"]
[EventType "swiss"]
[EventCountry "SVK"]
[SourceTitle "playchess.com"]
[Source "ChessBase"]
[SourceQuality "1"]
[TimeControl "40/5400+30:1800+30"]

1. d4 b6 2. Nf3 Bb7 3. c4 e6 4. e3 f5 5. Be2 Nf6 6. O-O Be7 7. Nc3 O-O 8. Bd2 Ne4 9. Ne5 Bd6 10. f4 Bxe5 11. dxe5 d6 12. Nxe4 Bxe4 13. exd6 Qxd6 14. Bc3 Qc5 15. Bd4 Qc6 16. Bf3 Na6 17. Bxe4 Qxe4 18. Qf3 Qxf3 19. Rxf3 Rfd8 20. a3 Nc5 21. Bxc5 bxc5 22. Re1 Rd2 23. Rf2 Rad8 24. Rfe2 Rxe2 25. Rxe2 Rd1+ 26. Kf2 Rc1 27. Rd2 Rxc4 28. Rd8+ Kf7 29. Rd7+ Kf6 30. Rxc7 a5 31. Kf3 a4 1/2-1/2

[Event "EYCC Open-U16 2019"]
[Site "Bratislava"]
[Date "2019.08.08"]
[Round "7.48"]
[White "Akulov, Lev"]
[Black "Ghachava, Akaki"]
[Result "0-1"]
[ECO "B56"]
[WhiteElo "2068"]
[BlackElo "1777"]
[Annotator "NA"]
[PlyCount "70"]
[EventDate "2019.08.02"]
[EventType "swiss"]
[EventCountry "SVK"]
[SourceTitle "playchess.com"]
[Source "ChessBase"]
[SourceQuality "1"]
[TimeControl "40/5400+30:1800+30"]

1. e4 c5 2. Nf3 d6 3. d4 cxd4 4. Nxd4 Nf6 5. Nc3 Nc6 6. f3 e5 7. Nb3 Be6 8. Be3 d5 9. exd5 Bxd5 10. Nxd5 Nxd5 11. Qd2 Nxe3 12. Qxe3 Be7 13. c3 O-O 14. Rd1 Qc7 15. Bd3 Bd6 16. Bxh7+ Kxh7 17. Qd3+ e4 18. Qxd6 Qb6 19. Qc5 Qa6 20. Qh5+ Kg8 21. Nc5 Qb5 22. Rd5 exf3 23. gxf3 f5 24. Rg1 Rae8+ 25. Kf2 Qe2+ 26. Kg3 Ne7 27. Rd4 Qe5+ 28. Kh3 Qxc5 29. Rg5 Qe5 30. Rh4 Qf6 31. f4 Rd8 32. Rg3 Rd6 33. Kg2 Ng6 34. Qh7+ Kf7 35. Rh6 Nxf4+ 0-1

[Event "EYCC Open-U16 2019"]
[Site "Bratislava"]
[Date "2019.08.09"]
[Round "8.1"]
[White "Barseghyan, Armen Ar."]
[Black "De Boer, Eelke"]
[Result "1-0"]
[ECO "A05"]
[WhiteElo "2313"]
[BlackElo "2279"]
[Annotator "NA"]
[PlyCount "117"]
[EventDate "2019.08.02"]
[EventType "swiss"]
[EventCountry "SVK"]
[SourceTitle "playchess.com"]
[Source "ChessBase"]
[SourceQuality "1"]
[TimeControl "40/5400+30:1800+30"]

1. Nf3 Nf6 2. c4 g6 3. b3 Bg7 4. Bb2 O-O 5. g3 c6 6. Bg2 d5 7. O-O Nbd7 8. d4 Ne4 9. Nbd2 Ndf6 10. a3 Bf5 11. e3 Nxd2 12. Nxd2 Qd7 13. Re1 Bh3 14. Bh1 Rfd8 15. Qe2 Rac8 16. Rad1 Qf5 17. f3 Qc2 18. Rb1 h5 19. Bg2 Bxg2 20. Kxg2 Qf5 21. e4 dxe4 22. fxe4 Qd7 23. Nf3 e6 24. Rf1 Qe8 25. Rbd1 Rc7 26. Bc1 Nh7 27. e5 Rcd7 28. Be3 Qf8 29. c5 Bh6 30. b4 Bxe3 31. Qxe3 Rd5 32. Rd3 Qe7 33. h4 Rf8 34. Qh6 a5 35. g4 hxg4 36. Ng5 f5 37. exf6 Rxf6 38. Rxf6 Nxf6 39. Qxg6+ Qg7 40. Qxg7+ Kxg7 41. Nxe6+ Kf7 42. Ng5+ Kg6 43. bxa5 Kf5 44. Rd1 Nh5 45. Nf7 Kf4 46. Rf1+ Ke3 47. Nd6 Kxd4 48. Nxb7 Ke3 49. a6 Rd2+ 50. Kg1 Nf4 51. Nd6 Nh3+ 52. Kh1 Ra2 53. a7 Rxa3 54. Nc4+ Ke2 55. Nxa3 Kxf1 56. Nc4 g3 57. Ne3+ Kf2 58. a8=Q Kxe3 59. Kg2 1-0

[Event "EYCC Open-U16 2019"]
[Site "Bratislava"]
[Date "2019.08.09"]
[Round "8.2"]
[White "Malovanyi, Yulian"]
[Black "Pogosyan, Stefan"]
[Result "1/2-1/2"]
[ECO "B30"]
[WhiteElo "2204"]
[BlackElo "2334"]
[Annotator "NA"]
[PlyCount "79"]
[EventDate "2019.08.02"]
[EventType "swiss"]
[EventCountry "SVK"]
[SourceTitle "playchess.com"]
[Source "ChessBase"]
[SourceQuality "1"]
[TimeControl "40/5400+30:1800+30"]

1. e4 c5 2. Nf3 Nc6 3. c4 Nd4 4. Nxd4 cxd4 5. g3 g6 6. Bg2 Bg7 7. d3 d6 8. O-O e5 9. f4 Ne7 10. f5 gxf5 11. Qh5 f4 12. gxf4 exf4 13. Bxf4 Ng6 14. Nd2 Be6 15. Bh3 Bxh3 16. Qxh3 Be5 17. Bxe5 dxe5 18. Kh1 Qc8 19. Qh5 Qe6 20. Nf3 f6 21. Ng1 O-O-O 22. Ne2 Rd7 23. Rf2 Rf7 24. Raf1 Rg8 25. Rf5 Rgf8 26. Ng3 Kc7 27. Qh6 Nf4 28. R1xf4 exf4 29. Qxf4+ Kb6 30. Rb5+ Ka6 31. Nf5 Rd7 32. b4 b6 33. a4 Qe8 34. Nd6 Qg6 35. Rd5 Rg8 36. b5+ Ka5 37. Qd2+ Kxa4 38. Qa2+ Kb4 39. Qb2+ Ka4 40. Qa2+ 1/2-1/2

[Event "EYCC Open-U16 2019"]
[Site "Bratislava"]
[Date "2019.08.09"]
[Round "8.4"]
[White "Teclaf, Pawel"]
[Black "Juksta, Karolis"]
[Result "1/2-1/2"]
[ECO "C02"]
[WhiteElo "2454"]
[BlackElo "2261"]
[Annotator "ChessBase"]
[PlyCount "81"]
[EventDate "2019.08.02"]
[EventType "swiss"]
[EventCountry "SVK"]
[SourceTitle "playchess.com"]
[Source "ChessBase"]
[SourceQuality "1"]
[TimeControl "40/5400+30:1800+30"]

1. e4 e6 2. d4 d5 3. e5 c5 4. c3 Qb6 5. Nf3 Nc6 6. Be2 cxd4 7. cxd4 Nh6 8. Bxh6 Qxb2 9. Nbd2 gxh6 10. Nb3 Bg7 11. O-O O-O 12. a3 Qc3 13. Rc1 Qb2 14. Ra1 Qc3 15. Qb1 Na5 16. Nc5 Nc4 17. Bxc4 dxc4 18. Rc1 Qa5 19. Rxc4 b6 20. Ra4 Qc3 21. Ne4 Qc6 22. Rb4 Bb7 23. Nd6 Qd7 24. Nxb7 Qxb7 25. a4 Qc7 26. Qa2 Rfd8 27. a5 bxa5 28. Rb5 Bf8 29. Rxa5 Rd7 30. h3 Be7 31. Qd2 Kg7 32. Qe3 Qb7 33. Nh2 Rd5 34. Ng4 Bg5 35. f4 Rxa5 36. Rxa5 Bh4 37. f5 Qb1+ 38. Kh2 Bg5 39. Qf3 Qxf5 40. Qxa8 Qf4+ 41. Kg1 1/2-1/2

[Event "EYCC Open-U16 2019"]
[Site "Bratislava"]
[Date "2019.08.09"]
[Round "8.5"]
[White "Milosevic, Milos"]
[Black "Subelj, Jan"]
[Result "0-1"]
[ECO "C49"]
[WhiteElo "2312"]
[BlackElo "2425"]
[Annotator "NA"]
[PlyCount "70"]
[EventDate "2019.08.02"]
[EventType "swiss"]
[EventCountry "SVK"]
[SourceTitle "playchess.com"]
[Source "ChessBase"]
[SourceQuality "1"]
[TimeControl "40/5400+30:1800+30"]

1. e4 e5 2. Nf3 Nc6 3. Nc3 Nf6 4. Bb5 Bb4 5. O-O O-O 6. d3 Bxc3 7. bxc3 d6 8. Re1 a6 9. Bxc6 bxc6 10. h3 h6 11. Nd2 Nd7 12. Nc4 Nb6 13. Ne3 f5 14. exf5 Bxf5 15. Nxf5 Rxf5 16. c4 Qf6 17. Qe2 Rf8 18. Rf1 d5 19. cxd5 cxd5 20. Ba3 Rf7 21. c4 dxc4 22. dxc4 Qe6 23. Rac1 Rg5 24. Rc3 e4 25. Re1 Rgf5 26. f3 Qf6 27. Bb2 Na4 28. Rb3 Nxb2 29. Qxb2 exf3 30. gxf3 Qh4 31. Re8+ Kh7 32. Kh2 Rxf3 33. Qc2+ g6 34. Rxf3 Rxf3 35. Kg1 Rg3+ 0-1

[Event "EYCC Open-U16 2019"]
[Site "Bratislava"]
[Date "2019.08.09"]
[Round "8.6"]
[White "Tsoi, Dmitry"]
[Black "Stoyanov, Tsvetan"]
[Result "1-0"]
[ECO "A03"]
[WhiteElo "2314"]
[BlackElo "2387"]
[Annotator "NA"]
[PlyCount "233"]
[EventDate "2019.08.02"]
[EventType "swiss"]
[EventCountry "SVK"]
[SourceTitle "playchess.com"]
[Source "ChessBase"]
[SourceQuality "1"]
[TimeControl "40/5400+30:1800+30"]

1. f4 d5 2. Nf3 Nf6 3. e3 c5 4. d4 Nc6 5. c3 Bf5 6. Be2 e6 7. O-O Be7 8. Ne5 O-O 9. g4 Bxb1 10. Rxb1 Ne4 11. Bf3 f5 12. Nd3 Qb6 13. gxf5 exf5 14. dxc5 Bxc5 15. Re1 Rae8 16. Qc2 Bd6 17. Re2 Rf6 18. Bd2 Rh6 19. Rd1 Ree6 20. Bc1 Reg6+ 21. Rg2 Rxg2+ 22. Bxg2 Kh8 23. Nf2 Ne7 24. Qa4 Bxf4 25. Qe8+ Ng8 26. Bxe4 Bxh2+ 27. Kg2 fxe4 28. Rxd5 Bc7 29. Nxe4 Rh2+ 30. Kf3 h6 31. c4 Rc2 32. Rb5 Qc6 33. Qxc6 bxc6 34. Rb7 Be5 35. Bd2 Bxb2 36. Ke2 Ba1 37. Rxa7 Rb2 38. Ra6 h5 39. Kd3 h4 40. Ra5 Nh6 41. Bc3 Rb1 42. Rh5 Bxc3 43. Kxc3 Ra1 44. Kb2 Re1 45. Rxh4 Rxe3 46. a4 Rd3 47. a5 Rd8 48. Kc3 Kg8 49. Rh5 Nf7 50. Rc5 Ra8 51. Kb4 Nd8 52. Nd6 Ra6 53. Ka4 Nf7 54. Nf5 Nd8 55. Re5 Nb7 56. Nd4 Kf7 57. Nb3 Kf6 58. Re1 g5 59. Kb4 g4 60. Re4 Kf5 61. Re7 Nd6 62. Nc5 Ra8 63. Nd3 Nxc4 64. Kxc4 Rxa5 65. Rf7+ Kg5 66. Kd4 g3 67. Ke4 Ra4+ 68. Kf3 Ra3 69. Ke2 g2 70. Rg7+ Kf6 71. Rg8 Ra1 72. Ne1 Ra8 73. Rg3 Ra3 74. Nf3 Ra2+ 75. Nd2 Ke5 76. Rxg2 Kd4 77. Rg4+ Kd5 78. Kd3 Ra3+ 79. Kc2 Rh3 80. Rg5+ Ke6 81. Ne4 Re3 82. Nc3 Kd6 83. Kb3 Rf3 84. Kc4 Rf4+ 85. Kd3 Rb4 86. Ne2 Rb5 87. Rg6+ Kc5 88. Nd4 Rb6 89. Kc3 Ra6 90. Nb3+ Kd5 91. Na5 Rb6 92. Rg5+ Ke6 93. Rh5 Rb5 94. Rh6+ Kd7 95. Nc4 Rc5 96. Kd4 Rd5+ 97. Ke4 Rc5 98. Kd4 Rd5+ 99. Kc3 Rc5 100. Rg6 Rh5 101. Nd2 Rc5+ 102. Kb4 Rb5+ 103. Kc4 Kc7 104. Ne4 Rh5 105. Nf6 Rf5 106. Rg7+ Kd8 107. Ne4 Rd5 108. Nc5 Kc8 109. Ne6 Rd6 110. Rc7+ Kb8 111. Re7 Rd5 112. Nd4 Rd6 113. Kc5 Rd5+ 114. Kb6 Kc8 115. Ne6 Re5 116. Rc7+ Kb8 117. Nd4 1-0

[Event "EYCC Open-U16 2019"]
[Site "Bratislava"]
[Date "2019.08.09"]
[Round "8.7"]
[White "Sahidi, Samir"]
[Black "Sargsyan, Tigran R."]
[Result "1-0"]
[ECO "B12"]
[WhiteElo "2369"]
[BlackElo "2314"]
[Annotator "NA"]
[PlyCount "102"]
[EventDate "2019.08.02"]
[EventType "swiss"]
[EventCountry "SVK"]
[SourceTitle "playchess.com"]
[Source "ChessBase"]
[SourceQuality "1"]
[TimeControl "40/5400+30:1800+30"]

1. e4 c6 2. d4 d5 3. e5 Bf5 4. Nf3 e6 5. Be2 Ne7 6. O-O Ng6 7. Re1 Nd7 8. h3 h5 9. Bd3 Bxd3 10. Qxd3 Qb6 11. c3 Be7 12. a3 c5 13. Qc2 Rc8 14. Qa4 cxd4 15. cxd4 Nh4 16. Nxh4 Rc4 17. b4 Qxd4 18. Ra2 Qxh4 19. Nd2 Rc7 20. Rc2 b5 21. Qb3 Bd8 22. Nf3 Qe7 23. Bg5 f6 24. exf6 gxf6 25. Rce2 Nf8 26. Nd4 Kf7 27. Nxe6 Nxe6 28. Rxe6 Qxe6 29. Rxe6 Kxe6 30. Bf4 Rc4 31. Be3 Bc7 32. g3 Be5 33. a4 h4 34. g4 a6 35. axb5 axb5 36. Qd3 Rxb4 37. Bc5 Re4 38. Qxb5 Re1+ 39. Kg2 Rb8 40. Qc6+ Kf7 41. Qxd5+ Kg6 42. Be3 Kg7 43. Bh6+ Kxh6 44. Qd2+ Kg6 45. Qxe1 Rb2 46. Qe4+ Kg7 47. g5 Rb6 48. f4 Bb2 49. Kf3 fxg5 50. fxg5 Rb8 51. Qe7+ Kg8 1-0

[Event "EYCC Open-U16 2019"]
[Site "Bratislava"]
[Date "2019.08.09"]
[Round "8.8"]
[White "Alonso Garcia, Aaron"]
[Black "Globus, Or"]
[Result "0-1"]
[ECO "B26"]
[WhiteElo "2248"]
[BlackElo "2352"]
[Annotator "NA"]
[PlyCount "84"]
[EventDate "2019.08.02"]
[EventType "swiss"]
[EventCountry "SVK"]
[SourceTitle "playchess.com"]
[Source "ChessBase"]
[SourceQuality "1"]
[TimeControl "40/5400+30:1800+30"]

1. e4 c5 2. Nc3 d6 3. g3 Nc6 4. Bg2 g6 5. d3 Bg7 6. Be3 Rb8 7. Qd2 b5 8. Nge2 b4 9. Nd1 Nd4 10. O-O e5 11. Nc1 Ne7 12. f4 exf4 13. Bxf4 h6 14. Nf2 Ne6 15. Be3 Bxb2 16. Rb1 Bc3 17. Qd1 h5 18. Ne2 Bg7 19. c3 O-O 20. a3 a5 21. axb4 axb4 22. cxb4 cxb4 23. Qd2 b3 24. Bh6 Bxh6 25. Qxh6 Qb6 26. Kh1 Nd4 27. Nf4 Qc5 28. e5 Ndf5 29. Qg5 Qxe5 30. N4h3 Ne3 31. Rfe1 Bxh3 32. Nxh3 Qxg5 33. Nxg5 N7f5 34. Bh3 Rfc8 35. Ne4 Rc2 36. Rec1 b2 37. Re1 Kg7 38. Kg1 Nd4 39. Rxe3 Rc1+ 40. Re1 Rxe1+ 41. Rxe1 Nf3+ 42. Kf2 Nxe1 0-1

[Event "EYCC Open-U16 2019"]
[Site "Bratislava"]
[Date "2019.08.09"]
[Round "8.9"]
[White "Kacharava, Nikolozi"]
[Black "Ongut, Tamas Gunes"]
[Result "1-0"]
[ECO "C80"]
[WhiteElo "2431"]
[BlackElo "2158"]
[Annotator "NA"]
[PlyCount "98"]
[EventDate "2019.08.02"]
[EventType "swiss"]
[EventCountry "SVK"]
[SourceTitle "playchess.com"]
[Source "ChessBase"]
[SourceQuality "1"]
[TimeControl "40/5400+30:1800+30"]

1. e4 e5 2. Nf3 Nc6 3. Bb5 a6 4. Ba4 Nf6 5. O-O Nxe4 6. d4 Be7 7. Re1 b5 8. Rxe4 d5 9. Nxe5 Nxe5 10. Rxe5 bxa4 11. Nc3 O-O 12. Nxa4 Bd6 13. Re3 Qh4 14. g3 Qh3 15. Qf3 Bd7 16. Nc3 c6 17. Ne2 Bf5 18. c3 Be4 19. Rxe4 dxe4 20. Qxe4 Rae8 21. Qf3 Qe6 22. Be3 Qd5 23. Qxd5 cxd5 24. b3 Rc8 25. Rc1 h6 26. c4 Ba3 27. Rc2 g5 28. c5 Bb4 29. Nc1 Rfe8 30. Nd3 a5 31. Bc1 Rb8 32. Ne5 a4 33. Nd7 axb3 34. axb3 Re1+ 35. Kg2 Rd8 36. c6 Ba5 37. b4 Bxb4 38. c7 Rc8 39. Nb6 Ree8 40. Nxd5 Bd6 41. Rc6 Re6 42. Rxd6 Rxd6 43. Ne7+ Kh7 44. Nxc8 Rc6 45. Nb6 Rxc7 46. Be3 Kg6 47. d5 Kf6 48. d6 Rb7 49. d7 Ke7 1-0

[Event "EYCC Open-U16 2019"]
[Site "Bratislava"]
[Date "2019.08.09"]
[Round "8.10"]
[White "Cohen Revivo, Shoham"]
[Black "Horvath, Dominik"]
[Result "1/2-1/2"]
[ECO "C45"]
[WhiteElo "2254"]
[BlackElo "2424"]
[Annotator "NA"]
[PlyCount "102"]
[EventDate "2019.08.02"]
[EventType "swiss"]
[EventCountry "SVK"]
[SourceTitle "playchess.com"]
[Source "ChessBase"]
[SourceQuality "1"]
[TimeControl "40/5400+30:1800+30"]

1. e4 e5 2. Nf3 Nc6 3. d4 exd4 4. Nxd4 Nf6 5. Nxc6 bxc6 6. e5 Qe7 7. Qe2 Nd5 8. h4 Qe6 9. c4 Nb6 10. Nd2 Bb7 11. b3 a5 12. Bb2 a4 13. Rh3 axb3 14. axb3 Rxa1+ 15. Bxa1 Bb4 16. Bc3 c5 17. Bxb4 cxb4 18. Re3 O-O 19. Qh5 Qg6 20. Qxg6 hxg6 21. f3 Re8 22. Kf2 c5 23. Bd3 Nc8 24. Be4 Bxe4 25. Nxe4 Rxe5 26. f4 Rh5 27. g4 Rxh4 28. Kg3 Rh1 29. Nxc5 Kh7 30. Nxd7 Rg1+ 31. Kf3 Rf1+ 32. Kg3 Rg1+ 33. Kh3 Nd6 34. c5 Nb5 35. Re4 Rd1 36. Rxb4 Nc7 37. Ne5 f6 38. Nf3 Rd3 39. Kg3 Rc3 40. Rd4 Ne6 41. Rc4 Rxb3 42. c6 Nc7 43. g5 Kg8 44. Kf2 Kf7 45. Rd4 Ne6 46. Rd7+ Ke8 47. Nd4 Nxd4 48. Rxd4 Rc3 49. Rd6 Ke7 50. Rd7+ Ke6 51. Rxg7 fxg5 1/2-1/2

[Event "EYCC Open-U16 2019"]
[Site "Bratislava"]
[Date "2019.08.09"]
[Round "8.12"]
[White "Peyrer, Konstantin"]
[Black "Remizov, Yaroslav"]
[Result "0-1"]
[ECO "D02"]
[WhiteElo "2305"]
[BlackElo "2357"]
[Annotator "NA"]
[PlyCount "80"]
[EventDate "2019.08.02"]
[EventType "swiss"]
[EventCountry "SVK"]
[SourceTitle "playchess.com"]
[Source "ChessBase"]
[SourceQuality "1"]
[TimeControl "40/5400+30:1800+30"]

1. d4 d5 2. Nf3 Nf6 3. g3 Bf5 4. Bg2 e6 5. O-O Nbd7 6. c4 c6 7. Nc3 h6 8. Qb3 Qb6 9. c5 Qa6 10. Bf4 g5 11. Be5 Bg7 12. Bd6 b6 13. Nd2 bxc5 14. dxc5 Bf8 15. e4 Bg6 16. exd5 Bxd6 17. cxd6 cxd5 18. Nb5 O-O 19. Nc7 Qxd6 20. Nxa8 Rxa8 21. Qc3 Rb8 22. b3 d4 23. Qa5 Qb6 24. Qxb6 Nxb6 25. Rfc1 Nfd5 26. Rc5 Rd8 27. Bxd5 Nxd5 28. Nf3 d3 29. Ne5 Bf5 30. Rd1 Nf6 31. h3 Rd5 32. Rxd5 Nxd5 33. g4 Nc3 34. Ra1 d2 35. gxf5 Ne2+ 36. Kh2 Nc1 37. Nd3 d1=Q 38. Nxc1 Qc2 39. fxe6 Qxf2+ 40. Kh1 fxe6 0-1